 Dungeon Crawl Stone Soup version 0.26-a0-966-gd078a86f14 (webtiles) character file.

Game seed: 17132387738792126222

16 mnbvcxz the Stinger (level 2, 0/17 HPs)
             Began as an Octopode Venom Mage on Dec 3, 2020.
             Slain by a frilled lizard (3 damage)
             ... on level 1 of the Dungeon.
             The game lasted 00:11:40 (555 turns).

mnbvcxz the Stinger (Octopode Venom Mage)            Turns: 555, Time: 00:11:41

Health: 0/17       AC:  1    Str:  7    XL:     2   Next: 54%
Magic:  5/5        EV: 17    Int: 17    God:
Gold:   30         SH:  0    Dex: 12    Spells: 4/5 levels left

rFire    . . .     SeeInvis .   e - +0 hunting sling
rCold    . . .     Faith    .   (no shield)
rNeg     . . .     Spirit   .   (helmet restricted)
rPois    .         Reflect  .   (no amulet)
rElec    .         Harm     .   h - +4 ring of evasion
rCorr    .         Rampage  .   (no ring)
MR       .....                  (no ring)
Stlth    ++++......             (no ring)
HPRegen  0.05/turn              (no ring)
MPRegen  0.09/turn              (no ring)
                                (no ring)
                                (no ring)

@: no status effects
A: almost no armour, stealthy swim, amphibious, 8 rings, constrict 8, camouflage
1, gelatinous body 1
a: no special abilities


You were on level 1 of the Dungeon.
You visited 1 branch of the dungeon, and saw 1 of its levels.

You collected 30 gold pieces.

Inventory:

Hand Weapons
 a - a +0 hand axe
 e - a +0 hunting sling (weapon)
 j - a +0 dagger
 m - a +0 short sword
 n - a +0 club
 o - a +0 club
Missiles
 f - 41 stones (quivered)
 k - 15 bolts
Armour
 d - a +0 robe
 g - a +0 scale mail
 i - a +0 leather armour
Jewellery
 h - a +4 ring of evasion (left tentacle)
Scrolls
 b - a scroll of teleportation {unknown}
 c - a scroll of noise {unknown}
 l - a scroll of amnesia {unknown}


   Skills:
 + Level 2.3 Dodging
 + Level 2.7 Stealth
 + Level 0.2 Unarmed Combat
 + Level 2.1 Spellcasting
 + Level 1.0 Transmutations
 + Level 4.1 Poison Magic


You had 4 spell levels left.
You knew the following spells:

 Your Spells              Type           Power        Failure   Level
a - Sting                 Tmut/Pois      ##..         7%          1

Your spell library contained the following spells:

 Spells                   Type           Power        Failure   Level
 Poisonous Vapours        Pois/Air       #.....       12%         2
 Ignite Poison            Fire/Tmut/Pois #.......     28%         3
 Mephitic Cloud           Conj/Pois/Air  #.......     32%         3
 Olgreb's Toxic Radiance  Pois           ###.....     34%         4


Dungeon Overview and Level Annotations

Branches:
Dungeon (1/15)

Altars:


Innate Abilities, Weirdness & Mutations

You cannot wear most types of armour.
You are very stealthy in the water. (Stealth+)
You are amphibious.
You can wear up to eight rings at the same time.
You can use your tentacles to constrict eight enemies at once.
Your skin changes colour to match your surroundings (Stealth+).
Your rubbery body absorbs attacks. (AC +1, EV +1)


Message History

You closely miss the frilled lizard. Your grab misses the frilled lizard.
The hobgoblin misses you. The frilled lizard bites you.
The hobgoblin hits you with a +0 club.
* * * LOW HITPOINT WARNING * * *
You barely miss the frilled lizard. Your grab misses the frilled lizard.
The frilled lizard bites you.
* * * LOW HITPOINT WARNING * * *
The hobgoblin hits you but does no damage.
The frilled lizard closely misses you.
You barely miss the frilled lizard. You grab the frilled lizard.
You constrict the frilled lizard, but do no damage.
The hobgoblin completely misses you. The frilled lizard closely misses you.
The hobgoblin misses you.
You clumsily bash the frilled lizard but do no damage.
You constrict the frilled lizard. The frilled lizard misses you.
The hobgoblin barely misses you. The frilled lizard closely misses you.
You release your grip on the frilled lizard.
The hobgoblin hits you but does no damage.
The frilled lizard bites you.
You die...

#≈≈≈≈≈≈≈≈#####.######≈.
##......≈....#...#.#.≈.
######.≈≈≈≈.###.#.#.≈.
#.........≈...#.#.#.≈.
#########.≈≈≈.#.#.#.≈.
#...........≈...#.#.≈.
###.###.≈≈≈≈≈.≈≈≈.#...≈.
#. #...≈...≈...≈.#.≈≈≈#
#.###.≈@≈.≈.≈≈≈.≈.#.≈.#.
#.#...l...≈.....≈...≈.#.
#.#.≈≈≈.≈≈≈.<.≈≈≈.≈≈≈.#.
#.#.≈g..≈.....≈...≈...#.
#.#.≈.#.≈.≈≈≈.≈.≈≈≈.###.
#.≈≈≈.#.≈...≈...≈...#
#.≈...#.≈≈≈.≈≈≈≈≈.###
#.≈.#.#...≈..........
#.≈.#.#.#.≈≈≈.#########


You could see a hobgoblin and a frilled lizard.

Vanquished Creatures
  A dart slug (D:1)
  A leopard gecko (D:1)
  A giant cockroach (D:1)
  A goblin (D:1)
  3 hobgoblins (D:1)
  2 bats (D:1)
  3 frilled lizards (D:1)
  A rat (D:1)
13 creatures vanquished.

Notes
Turn   | Place    | Note
-------+----------+-------------------------------------------
     0 | D:1      | mnbvcxz the Octopode Venom Mage began the quest for the
                  | Orb.
     0 | D:1      | Reached XP level 1. HP: 11/11 MP: 3/3
   142 | D:1      | Reached skill level 4 in Poison Magic
   193 | D:1      | Reached XP level 2. HP: 5/17 MP: 5/5
   555 | D:1      | Slain by a frilled lizard

Illustrated notes

Levels and vault maps discovered:
D:1:      psy_arrival_radial02, layout_rooms

Skill      XL: |  1 |
---------------+----+-----
Poison Magic   | 4 |  4.1
Dodging        | |  2.3
Stealth        | |  2.7
Unarmed Combat | |  0.2
Spellcasting   | |  2.1
Transmutations | |  1.0

Action                   || total
-------------------------++-------
Melee: Unarmed           ||    24
       Constrict         ||    13
       Tentacles         ||     8
       Hunting sling     ||    24
  Use: Potion            ||     3
       Scroll            ||     1
 Stab: Sleeping          ||     3
Armor: Skin              ||     6
Dodge: Dodged            ||    68

Table legend: (Time is in decaauts)
 A = Elapsed time spent in this place.
 B = Non-inter-level travel time spent in this place.
 C = Inter-level travel time spent in this place.
 D = Time resting spent in this place.
 E = Time spent auto-exploring this place.
 F = Levels seen in this place.
 G = Mean time per level.
                   A        B        C        D        E       F      G
               +--------+--------+--------+--------+--------+-----+--------+
         Total |    566 |    220 |    346 |      0 |      0 |   1 |  566.0 |
       Dungeon |    566 |    220 |    346 |      0 |      0 |   1 |  566.0 |
               +--------+--------+--------+--------+--------+-----+--------+

Top non-repeatable levels by time:
     D:1: 566 daAuts
